 Dungeon Crawl Stone Soup version 0.29.1-13-g9f3cf754e1 (webtiles) character file.

Game seed: 588507875037518739

73 mikeweasel the Firebug (level 4, -4/33 HPs)
             Began as a Draconian Fire Elementalist on Jan 23, 2023.
             Was a Priest of Cheibriados.
             Slain by Ijyb
             ... wielding a +1 dagger of flaming
              (5 damage)
             ... on level 3 of the Dungeon.
             The game lasted 00:19:23 (2586 turns).

mikeweasel the Firebug (DrFE)                       Turns: 2586, Time: 00:19:24

Health: -4/33      AC:  0    Str: 17    XL:     4   Next: 8%
Magic:  2/8        EV: 15    Int: 25    God:    Cheibriados [***...]
Gold:   108        SH:  0    Dex: 18    Spells: 1/8 levels left

rFire   . . .      SeeInvis .   (weapon currently unavailable)
rCold   . . .      Faith    .   (shield currently unavailable)
rNeg    . . .      Spirit   .   (body armour unavailable)
rPois   .          Reflect  .   (helmet currently unavailable)
rElec   .          Harm     .   (cloak currently unavailable)
rCorr   .          Rampage  .   (gloves currently unavailable)
Will    .....                   (boots currently unavailable)
Stlth   ++........              (no amulet)
HPRegen 0.11/turn               (ring currently unavailable)
MPRegen 0.11/turn               (ring currently unavailable)

@: about to teleport, pig-form (expiring), very slow
A: fast, no casting, AC +5, small, unfitting armour, (cold-blooded)
a: Renounce Religion, Bend Time, Temporal Distortion


You were on level 3 of the Dungeon.
You worshipped Cheibriados.
Cheibriados was most pleased with you.
You were a filthy swine.
You visited 1 branch of the dungeon, and saw 3 of its levels.

You collected 108 gold pieces.

Inventory:

Missiles
 d - a throwing net
Armour
 l - a +0 kite shield (melded)
Magical Staves
 f - a staff of poison (melded)
Jewellery
 b - a ring of poison resistance (melded)
 g - a ring of protection from cold
Wands
 i - a wand of quicksilver (3)
Scrolls
 c - 4 scrolls of identify
 h - a scroll of teleportation
 j - a scroll of brand weapon
Potions
 a - a potion of magic
 k - a potion of brilliance


   Skills:
 + Level 0.1 Staves
 + Level 2.0 Dodging
 + Level 2.0 Stealth
 + Level 2.7 Spellcasting
 + Level 1.3 Conjurations
 + Level 4.0 Fire Magic


You had one spell level left.
You knew the following spells:

 Your Spells              Type           Power      Damage    Failure   Level
a - Foxfire               Conj/Fire      64%        2x1d7     3%          1
b - Scorch                Fire           46%        2d7       3%          2
c - Flame Wave            Conj/Fire      16%        2d7       34%         4

Your spell library contained the following spells:

 Spells                   Type           Power      Damage    Failure   Level
 Conjure Flame            Conj/Fire      16%        6-21      11%         3
 Inner Flame              Hex/Fire       13%        N/A       14%         3


Dungeon Overview and Level Annotations

Branches:
Dungeon (3/15)

Altars:
Cheibriados
Gozag

Annotations:
D:3 Ijyb


Innate Abilities, Weirdness & Mutations

You are a filthy swine.
You move quickly.
Your equipment is almost entirely melded.
You are incapable of wielding weapons or throwing items.
You cannot cast spells.
((Your plain brown scales are hard. (AC +5)))
You cannot fit into any form of body armour.
((You are cold-blooded and may be slowed by cold attacks.))


Message History

Ijyb burns you.
You completely miss Ijyb.
Ijyb is heavily wounded.
Ijyb hits you with a +1 dagger of flaming.
Ijyb burns you.
You feel much better.
Ijyb hits you with a +1 dagger of flaming!
Ijyb burns you.
You barely miss Ijyb.
Ijyb is heavily wounded.
Ijyb barely misses you.
You hit Ijyb but do no damage.
Ijyb is heavily wounded.
Ijyb completely misses you.
You hit Ijyb but do no damage.
Ijyb is heavily wounded.
You hit Ijyb but do no damage.
Ijyb is heavily wounded.
Ijyb hits you with a +1 dagger of flaming.
Ijyb burns you.
You completely miss Ijyb.
Ijyb is heavily wounded.
Ijyb hits you with a +1 dagger of flaming.
Ijyb burns you.
You hit Ijyb but do no damage.
Ijyb is heavily wounded.
Ijyb hits you with a +1 dagger of flaming.
Ijyb burns you.
You hit Ijyb but do no damage.
Ijyb is heavily wounded.
Your transformation is almost over.
Ijyb hits you with a +1 dagger of flaming!
* * * LOW HITPOINT WARNING * * *
Ijyb burns you.
* * * LOW HITPOINT WARNING * * *
Okay, then.
As you read the scroll of teleportation, it crumbles to dust.
You feel strangely unstable.
Ijyb hits you with a +1 dagger of flaming.
You die...

#.#.#.#....#
####.#.#...####
.....#.#..##
...###.#..#
##.#......#
.#.#.#.##.##########
.#)#.#.............#
.#.#.#...#########.#
.........#.....gh#.#
.......#.#.####.##.#
....)....# #.##.#
.#..###### #.##.#
.#.....# #.# #.##.#
...#.#.###.# #.##.#
.#.#.#...#.# #.##.#
.#.#.#...#.# #.##.#
.....#...#.# #.##.#


You could see Ijyb.

Vanquished Creatures
  An adder (D:2)
  6 dart slugs
  2 orcs (D:3)
  5 ball pythons
  6 bats
  3 endoplasms
  2 giant cockroaches
  5 goblins
  A hobgoblin (D:1)
  A jackal (D:1)
  3 quokkas
  A frilled lizard (D:1)
  7 kobolds
  7 rats
50 creatures vanquished.

Vanquished Creatures (collateral kills)
  A ball python (D:1)
1 creature vanquished.

Vanquished Creatures (others)
  84 foxfires
84 creatures vanquished.

Grand Total: 135 creatures vanquished

Notes
Turn   | Place    | Note
-------+----------+-------------------------------------------
     0 | D:1      | mikeweasel the Draconian Fire Elementalist began the quest
                  | for the Orb.
     0 | D:1      | Reached XP level 1. HP: 14/14 MP: 3/3
   141 | D:1      | Noticed an eye of devastation
   183 | D:1      | Noticed an eye of devastation
   185 | D:1      | Found a faded altar of an unknown god.
   187 | D:1      | Noticed a golden eye
   190 | D:1      | Noticed a floating eye
   199 | D:1      | Prayed at the altar of an unknown god.
   199 | D:1      | Became a worshipper of Cheibriados the Contemplative
   199 | D:1      | Reached * piety under Cheibriados
   261 | D:1      | Reached XP level 2. HP: 20/20 MP: 1/5
   311 | D:1      | Learned a level 2 spell: Scorch
   496 | D:1      | Reached ** piety under Cheibriados
   828 | D:1      | Reached XP level 3. HP: 23/26 MP: 1/6
  2126 | D:3      | Reached skill level 4 in Fire Magic
  2162 | D:3      | Reached *** piety under Cheibriados
  2261 | D:3      | Reached XP level 4. HP: 33/33 MP: 5/8
  2266 | D:3      | Learned a level 4 spell: Flame Wave
  2451 | D:3      | Found an opulent altar of Gozag.
  2563 | D:3      | Noticed Ijyb
  2585 | D:3      | HP: 1/33 [Ijyb/+1 dagger of flaming (2)]
  2586 | D:3      | Slain by Ijyb

Illustrated notes

Levels and vault maps discovered:
D:1:      dpeg_arrival_brainrot, layout_loops_ring,
          hellmonk_ecumenical_altar_watching_god, chequers_arboretum,
          minmay_tripent
D:2:      layout_basic
D:3:      layout_basic, grunt_gozag_breadcrumbs, uniq_ijyb

Skill      XL: |  1  2  3  4 |
---------------+-------------+-----
Dodging        | 2 |  2.0
Fire Magic     | 4 |  4.0
Stealth        | 2 |  2.0
Staves         | |  0.1
Spellcasting   | |  2.7
Conjurations   | |  1.3

Action                   |  1- 3 |  4- 6 || total
-------------------------+-------+-------++-------
Melee: Unarmed           |     3 |    12 ||    15
       Staff             |    20 |     9 ||    29
       Tailslap          |     4 |     3 ||     7
       Punch             |     1 |       ||     1
 Cast: Foxfire           |    48 |     6 ||    54
       Scorch            |    10 |     2 ||    12
  Use: Scroll            |    10 |     2 ||    12
       Potion            |     1 |     2 ||     3
Armor: Skin              |    10 |     3 ||    13
Dodge: Dodged            |    29 |     6 ||    35
Block: Kite shield       |       |     6 ||     6
